 Dungeon Crawl Stone Soup version 0.31.0-11-ge490571c62 (webtiles) character file.

Game seed: 1766717749550254684

847 Rassilon the Insei (level 7, -4/56 HPs)
             Began as a Demonspawn Monk on Feb 2, 2024.
             Slain by Jeremiah
             ... wielding a +4 trident of draining
              (10 damage)
             ... on level 6 of the Dungeon.
             The game lasted 00:12:26 (4808 turns).

Rassilon the Insei (Demonspawn Monk)                Turns: 4808, Time: 00:12:27

Health: -4/56      AC:  8    Str: 13    XL:     7   Next: 68%
Magic:  7/7        EV: 14    Int: 11    God:
Gold:   186        SH:  0    Dex: 15    Spells: 6/6 levels left

rFire   . . .        g - +2 whip (flame)
rCold   . . .        (no shield)
rNeg    . . .        a - +0 robe
rPois   .            (no helmet)
rElec   .            (no cloak)
rCorr   +            A - +0 pair of gloves
SInv    +            t - +2 pair of boots of the Morning {rCorr SInv}
Will    .....        m - amulet of magic regeneration
Stlth   +            (no ring)
HPRegen 0.29/turn    (no ring)
MPRegen 0.50/turn

%: no passive effects
@: attractive, hasted, very quick
A: molten scales 1, demonic touch 2
a: no special abilities


You were on level 6 of the Dungeon.
You visited 1 branch of the dungeon, and saw 6 of its levels.

You collected 186 gold pieces.

Inventory:

Hand Weapons
 g - a +2 whip of flaming (weapon)
Missiles
 p - 12 boomerangs (quivered)
Armour
 a - a +0 robe (worn)
 t - the +2 pair of boots of the Morning (worn) {rCorr SInv}
   (You found it on level 4 of the Dungeon)

   SInv:      It lets you see invisible.
   rCorr:     It protects you from acid and corrosion.
 A - a +0 pair of gloves (worn)
Jewellery
 m - an amulet of magic regeneration (around neck)
 v - a ring of ice
 C - a ring of resist corrosion
Wands
 q - a wand of flame (20)
 s - a wand of iceblast (10)
 B - a wand of mindburst (5)
Scrolls
 f - 5 scrolls of teleportation
 h - 2 scrolls of poison {unknown}
 i - a scroll of enchant weapon {unknown}
 j - a scroll of blinking {unknown}
 k - a scroll of noise
 l - a scroll of revelation {unknown}
 o - a scroll of fog {unknown}
 r - a scroll of torment {unknown}
 w - a scroll of identify
 x - a scroll of amnesia {unknown}
 y - a scroll of silence {unknown}
 z - a scroll of immolation {unknown}
Potions
 b - a potion of ambrosia
 c - a potion of haste
 d - 2 potions of mutation
 e - a potion of attraction
 n - a potion of might {unknown}
 u - a potion of magic {unknown}
 D - a potion of heal wounds {unknown}


   Skills:
 + Level 5.3 Fighting
 + Level 2.3 Throwing
 + Level 4.8 Dodging
 * Level 5.5 Unarmed Combat


You had 6 spell levels left.
You didn't know any spells.
Your spell library contained the following spells:

 Spells                   Type           Power      Damage    Failure   Level
 Inner Flame              Hex/Fire       0%         N/A       71%         3
 Tukima's Dance           Hex            0%         N/A       71%         3
 Flame Wave               Conj/Fire      0%         2d4       98%         4
 Passage of Golubria      Tloc           0%         N/A       98%         4
 Sticky Flame             Fire/Alch      0%         2d4       98%         4
 Yara's Violent Unravell  Hex/Alch       0%         3d3       100%        5


Dungeon Overview and Level Annotations

Branches:
Dungeon (6/15)
 Temple: D:4-7

Altars:
Qazlal
Uskayaw
Vehumet

Annotations:
D:6 Jeremiah


Innate Abilities, Weirdness & Mutations

You are partially covered in molten scales. (AC +2)
Your touch may inflict irresistible damage on your foes.


Message History

You barely miss the butterfly.
You touch the butterfly.
You kill the butterfly!
The butterfly disappears in a burst of colours!
The black bear bites you but does no damage.
The black bear closely misses you.
The black bear claws you but does no damage.
The black bear attacks as it pursues you!
The black bear bites you but does no damage.
The black bear claws you but does no damage.
The black bear barely misses you.
You closely miss the black bear.
You touch the black bear!
The black bear is moderately wounded.
The black bear bites you.
The black bear claws you but does no damage. x2
You hit the black bear. You burn the black bear.
Your punch misses the black bear.
The black bear is heavily wounded.
The black bear bites you. The black bear completely misses you.
The black bear claws you but does no damage.
You hit the black bear. You burn the black bear.
Your touch misses the black bear.
The black bear is severely wounded.
The black bear bites you. The black bear completely misses you.
The black bear claws you but does no damage.
You hit the black bear. You burn the black bear.
You touch the black bear.
You kill the black bear!
Your life force feels restored.
Unknown command.
You feel attractive to monsters. Jeremiah closely misses you.
The butterfly is attracted toward you.
You closely miss the butterfly.
The butterfly disappears in a burst of colours!
Jeremiah lets out a twisted cry.
Something smites you!
* * * LOW HITPOINT WARNING * * *
You miss the butterfly. Jeremiah closely misses you.
You feel yourself speed up.
Jeremiah hits you from afar with a +4 trident of draining!
You die...
Jeremiah wails, "I didn't mean to kill anyone!
I'm not a murderer!"

#.# #...)# # #.#
#.#.### ####. #.#
#.#...# #..h #.#
#.###.# #.## #.#
#.# #.# #.#.## #.#
#.# #.# ##.##..##
#.# ######.###.#
##.##.b.b####.#
#...........
#.##...bbFb@..#
#.##########
##.##.b.b######
#.# #.b##ยง......#
##.#
#b..#..####.###..#
#..#..## ###...###
#######.b##.#
#E#...#E#
......bFb.bF#
####...####
#######..####
#.........#
#######..#
###...._....#


You could see Jeremiah.

Vanquished Creatures
  A black bear (D:6)
  2 ice beasts
  An orc warrior (D:4)
  An ogre (D:5)
  2 scorpions
  A bombardier beetle (D:4)
  2 orc wizards (D:4)
  4 gnolls (D:3)
  5 adders
  A white imp (D:5)
  2 ufetubi (D:5)
  4 dart slugs
  A ribbon worm (D:2)
  9 orcs
  3 ball pythons
  7 endoplasms
  3 giant cockroaches
  6 goblins
  7 hobgoblins
  3 jackals (D:1)
  4 quokkas
  2 bats
  5 frilled lizards
  9 kobolds
  6 rats
91 creatures vanquished.

Notes
Turn   | Place    | Note
-------+----------+-------------------------------------------
     0 | D:1      | Rassilon the Demonspawn Monk began the quest for the Orb.
     0 | D:1      | Reached XP level 1. HP: 18/18 MP: 1/1
   181 | D:1      | Gained mutation: Your touch may inflict minor irresistible
                  | damage on your foes. [demonic ancestry]
   181 | D:1      | Reached XP level 2. HP: 5/24 MP: 2/2
   486 | D:1      | Found a faded altar of an unknown god.
   613 | D:1      | Gained mutation: Your touch may inflict irresistible damage
                  | on your foes. [demonic ancestry]
   613 | D:1      | Reached XP level 3. HP: 29/29 MP: 3/3
  1180 | D:2      | Reached XP level 4. HP: 24/37 MP: 4/4
  1977 | D:3      | Reached XP level 5. HP: 20/42 MP: 5/5
  2546 | D:3      | Found a hide-covered altar of Uskayaw.
  2846 | D:4      | Identified the +2 pair of boots of the Morning {rCorr SInv}
  3377 | D:4      | Reached XP level 6. HP: 37/49 MP: 6/6
  3443 | D:4      | Found a radiant altar of Vehumet.
  3567 | D:5      | Entered Level 5 of the Dungeon
  3577 | D:5      | Noticed an ice beast
  3585 | D:5      | Killed an ice beast
  3586 | D:5      | Reached skill level 1 in Throwing
  3587 | D:5      | Noticed an ice beast
  3587 | D:5      | Noticed an orc warrior
  3606 | D:4      | Killed an ice beast
  3720 | D:4      | Killed an orc warrior
  3721 | D:4      | Reached skill level 5 in Fighting
  3721 | D:4      | Reached skill level 5 in Unarmed Combat
  3721 | D:4      | Gained mutation: You are partially covered in molten
                  | scales. (AC +2) [demonic ancestry]
  3721 | D:4      | Reached XP level 7. HP: 34/56 MP: 7/7
  4646 | D:6      | Found a stormy altar of Qazlal.
  4649 | D:6      | Noticed an air elemental
  4649 | D:6      | Noticed a fire elemental
  4649 | D:6      | Noticed a water elemental
  4728 | D:6      | Noticed Jeremiah
  4808 | D:6      | Slain by Jeremiah

Illustrated notes

Levels and vault maps discovered:
D:1:      nzn_arrival_crosshair, layout_loops_corners,
          chequers_ecumenical_altar_island, nicolae_twisty_statue_hallways
D:2:      layout_basic, minmay_tromino_mix6
D:3:      layout_basic, nicolae_uskayaw_dance_hall, marbit_many_paths
D:4:      layout_basic, vehumet_altar_wand_db
D:5:      layout_basic
D:6:      layout_loops_ring, cheibriados_altar_1,
          nicolae_qazlal_style_of_elements, uniq_jeremiah

Skill      XL: |  1  2  3  4  5  6  7 |
---------------+----------------------+-----
Unarmed Combat | 3 4 5 |  5.5
Dodging        | 3 4 |  4.8
Fighting       | 4 5 |  5.3
Throwing       | 1 2 |  2.3

Action                     |  1- 3 |  4- 6 |  7- 9 || total
---------------------------+-------+-------+-------++-------
  Melee: Unarmed           |    35 |       |       ||    35
         Whip              |    55 |   112 |    47 ||   214
         Touch             |     3 |    26 |    12 ||    41
         Punch             |       |     3 |       ||     3
  Throw: Boomerang         |       |    14 |       ||    14
  Evoke: Wand              |       |       |     6 ||     6
    Use: Scroll            |       |     5 |       ||     5
         Potion            |       |       |     2 ||     2
   Stab: Sleeping          |     1 |     3 |       ||     4
 Armour: Robe              |    54 |    48 |    31 ||   133
  Dodge: Dodged            |    64 |    74 |    37 ||   175
